 Dungeon Crawl Stone Soup version 0.24.1-14-gf8d2b509d9 (webtiles) character file.

Game seed: 9273893998979209046, levelgen mode: deterministic

1324 Peloso the Slasher (level 8, -6/60 HPs)
             Began as a Vampire Fighter on May 29, 2020.
             Was an Initiate of Okawaru.
             Splashed by Ijyb's acid (13 damage)
             ... on level 5 of the Dungeon.
             The game lasted 00:20:55 (4672 turns).

Peloso the Slasher (Vampire Fighter)                Turns: 4672, Time: 00:20:56

Health: -6/60      AC: 12    Str: 21    XL:     8   Next: 33%
Magic:  8/8        EV:  7    Int: 10    God:    Okawaru [......]
Gold:   96         SH: 10    Dex: 14    Spells: 7/7 levels left

rFire    . . .     SeeInvis +   a - +0 falchion (slice)
rCold    . . .     Gourm    .   c - +0 shield
rNeg     . . .     Faith    .   l - +0 chain mail
rPois    .         Spirit   .   (no helmet)
rElec    .         Reflect  .   v - +1 cloak {MR+}
rCorr    .         Harm     .   n - +0 pair of gloves
MR       +....                  (no boots)
Stlth    ..........             (no amulet)
HPRegen  0.40/turn              j - +3 ring of protection
MPRegen  0.11/turn              x - +4 ring of strength

@: corroded, regenerating quickly
A: no food, fangs 3, see invisible, unbreathing
a: Exsanguinate, Renounce Religion


You were on level 5 of the Dungeon.
You worshipped Okawaru.
Okawaru was noncommittal.
You were alive.

You visited 2 branches of the dungeon, and saw 7 of its levels.

You collected 309 gold pieces.
You spent 213 gold pieces at shops.

Inventory:

Hand Weapons
 a - a +0 falchion of slicing (weapon)
 d - the +6 arbalest "Damnation" {damnation}
   (You found it on level 4 of the Dungeon)
Armour
 b - a +0 scale mail
 c - a +0 shield (worn)
 l - a +0 chain mail (worn)
 n - a +0 pair of gloves (worn)
 v - a +1 cloak of magic resistance (worn)
Jewellery
 j - a +3 ring of protection (left hand)
 w - an uncursed ring of resist corrosion
 x - a +4 ring of strength (right hand)
Wands
 u - a wand of enslavement (10)
 C - a wand of iceblast (12)
Scrolls
 e - a scroll of blinking
 f - 2 scrolls of teleportation
 g - 2 scrolls of fear {unknown}
 k - 2 scrolls of amnesia {unknown}
 o - 2 scrolls of remove curse
 p - a scroll of fog
 r - 2 scrolls of noise {unknown}
 y - 6 scrolls of magic mapping
 B - a scroll of identify
Potions
 h - 4 potions of curing
 i - 3 potions of brilliance
 m - a potion of berserk rage
 q - 2 potions of heal wounds
 s - a potion of resistance
 t - 2 potions of agility {unknown}
 z - a potion of might
 A - a potion of mutation


   Skills:
 + Level 4.2 Fighting
 + Level 6.5 Long Blades
 + Level 4.6 Armour
 + Level 2.0 Dodging
 + Level 0.4 Stealth
 + Level 5.2 Shields


You had 7 spell levels left.
You didn't know any spells.
Your spell library was empty.

Dungeon Overview and Level Annotations

Branches:
Dungeon (6/15)             Temple (1/1) D:6

Altars:
Ashenzari
Cheibriados
Dithmenos
Elyvilon
Fedhas
Gozag
Hepliaklqana
Makhleb
Nemelex Xobeh
Okawaru
Qazlal
Ru
Trog
Uskayaw
Vehumet
Wu Jian
Xom
Yredelemnul

Shops:
D:4 ?

Annotations:
D:3 3 runed translucent doors, zujk's ghost, amateur MfTm
D:5 Ijyb


Innate Abilities, Weirdness & Mutations

You do not eat.
Your natural rate of healing is unusually fast.
You have razor-sharp teeth.
You have supernaturally acute eyesight. (SInv)
You can survive without breathing.


Message History

You bite Ijyb.
Ijyb is almost dead.
Ijyb hits you with a +0 club.
You hit Ijyb but do no damage.
Ijyb is almost dead.
Ijyb drinks a potion.
Ijyb is healed!
You hit Ijyb.
Ijyb is almost dead.
Ijyb zaps a wand.
The bolt of acid hits you but does no damage.
The acid corrodes you!
You are splashed with acid!
Your shield and chain mail prevent you from hitting Ijyb.
Ijyb is almost dead.
You block Ijyb's attack.
You closely miss Ijyb.
Ijyb is almost dead.
Ijyb zaps a wand.
The bolt of acid hits you!!
* * * LOW HITPOINT WARNING * * *
You are splashed with acid!
You die...

.....#.......##.....## ###...
.....#.......#.......#######.....
................._.....#.....##..
###....#.#####.......#...#######.
.....#.%.### ##.....###### #.
......#....#####...## #(
.........#[.##.##.## #(
.............#....# ##
................@.# #
.................g### #
.(..................########
.................##........######
......#..................#.......
.....##.......#####...##.........
####..........# ###............
##.##.......# #####........ #..#
.... #........


You could see Ijyb.

Vanquished Creatures
  Grinder (D:6)
  Sigmund (D:2)
  A water moccasin (D:6)
  An orc warrior (D:6)
  Blork the orc (D:4)
  8 crimson imps
  A bullfrog zombie (D:5)
  An orc priest (D:5)
  A hound (D:5)
  An orc wizard (D:4)
  An iguana (D:4)
  Terence (D:3)
  A worker ant (D:5)
  2 hound skeletons
  9 adders
  A shadow imp (D:5)
  2 oozes
  4 worms
  A dart slug (D:1)
  2 leopard geckos
  13 orcs
  A giant cockroach (D:3)
  11 goblins
  10 hobgoblins
  7 kobolds
  2 quokkas
  2 ball pythons (D:4)
  10 bats
  3 frilled lizards
  5 rats
105 creatures vanquished.

Notes
Turn   | Place    | Note
-------+----------+-------------------------------------------
     0 | D:1      | Peloso the Vampire Fighter began the quest for the Orb.
     0 | D:1      | Reached XP level 1. HP: 17/17 MP: 1/1
   583 | D:1      | Reached XP level 2. HP: 24/24 MP: 2/2
   953 | D:2      | Reached XP level 3. HP: 23/29 MP: 3/3
   966 | D:2      | Found a hazy altar of Hepliaklqana.
   975 | D:2      | Found a stormy altar of Qazlal.
  1360 | D:2      | Noticed Sigmund
  1365 | D:2      | Killed Sigmund
  1365 | D:2      | Reached skill level 3 in Long Blades
  1365 | D:2      | Reached XP level 4. HP: 34/35 MP: 4/4
  1365 | D:2      | Reached XP level 5. HP: 40/41 MP: 5/5
  1700 | D:3      | Reached skill level 1 in Dodging
  1710 | D:3      | Reached skill level 4 in Long Blades
  1710 | D:3      | Reached XP level 6. HP: 23/47 MP: 6/6
  1786 | D:3      | Found a radiant altar of Vehumet.
  1858 | D:3      | Found a shimmering altar of Xom.
  2284 | D:3      | Found a runed translucent gate.
  2284 | D:3      | Found a runed translucent gate.
  2284 | D:3      | Found a runed translucent gate.
  2284 | D:3      | Noticed zujk's ghost (amateur MfTm)
  2318 | D:3      | Found a white marble altar of Elyvilon.
  2318 | D:3      | Noticed Terence
  2330 | D:3      | Killed Terence
  2573 | D:4      | Noticed Blork the orc
  2606 | D:4      | Killed Blork the orc
  2606 | D:4      | Reached XP level 7. HP: 30/53 MP: 7/7
  2612 | D:4      | Reached skill level 5 in Long Blades
  2680 | D:5      | Entered Level 5 of the Dungeon
  2906 | D:5      | Found a bloodstained altar of Trog.
  3199 | D:5      | Noticed Ijyb
  3379 | D:4      | Found the +6 arbalest "Damnation" {damnation}
  3408 | D:4      | Found Vurapt's Magic Scroll Emporium.
  3411 | D:4      | Bought a scroll of magic mapping for 38 gold pieces
  3411 | D:4      | Bought a scroll of magic mapping for 38 gold pieces
  3411 | D:4      | Bought 3 scrolls of magic mapping for 115 gold pieces
  3411 | D:4      | Bought a scroll of identify for 22 gold pieces
  3642 | D:6      | Noticed Grinder
  3673 | D:6      | Killed Grinder
  3673 | D:6      | Reached skill level 5 in Shields
  3741 | D:6      | Reached XP level 8. HP: 59/60 MP: 8/8
  3798 | D:6      | Reached skill level 6 in Long Blades
  4148 | D:6      | Found a staircase to the Ecumenical Temple.
  4165 | Temple   | Entered the Ecumenical Temple
  4188 | Temple   | Became a worshipper of Warmaster Okawaru
  4485 | D:6      | Found a basalt altar of Yredelemnul.
  4672 | D:5      | Splashed by Ijyb's acid

Levels and vault maps discovered:
D:1:      dpeg_arrival_water_fire, layout_basic, corexii_hall_statues_x
D:2:      layout_loops_ring, grunt_temple_overflow_open,
          minmay_misc_feat_ornament, uniq_sigmund
D:3:      layout_rooms, vehumet_crystals, led_xom_imps, elyvilon_altar_5,
          gammafunk_ghost_necromancy, first_ration, uniq_terence
D:4:      minmay_bubble_buster, layout_rooms, serial_shops,
          kennysheep_mini_moat, kennysheep_pointless_box, minmay_goblin_outpost,
          uniq_blork_the_orc
D:5:      layout_rooms, lemuel_round_altar, uniq_ijyb
D:6:      layout_rooms, marbit_many_paths, minmay_temple_entry_wispy,
          minmay_parallelograms, chequers_serial_rivers_micro_d, uniq_grinder
Temple:   minmay_temple_bridge_abc

Skill      XL: |  1  2  3  4  5  6  7  8 |
---------------+-------------------------+-----
Fighting       | 3 4 |  4.2
Shields        | 3 4 5 |  5.2
Armour         | 3 4 |  4.6
Long Blades    | 3 4 5 6 |  6.5
Dodging        | 1 2 |  2.0
Stealth        | |  0.4

Action                   |  1- 3 |  4- 6 |  7- 9 || total
-------------------------+-------+-------+-------++-------
Melee: Long sword        |   126 |   202 |       ||   328
       Bite              |    22 |    23 |    28 ||    73
       Falchion          |       |    27 |   293 ||   320
  Use: Potion            |     1 |       |     1 ||     2
       Scroll            |       |     6 |     5 ||    11
Armor: Scale mail        |    10 |       |       ||    10
       Chain mail        |    68 |   141 |   163 ||   372
Dodge: Dodged            |    22 |    29 |    71 ||   122
Block: Shield            |    77 |    99 |   153 ||   329
       Rpst.: Long sword |     6 |     3 |       ||     9
       Falchion          |       |       |    25 ||    25
